 Dungeon Crawl Stone Soup version 0.26-a0-613-g4f23886233 (webtiles) character file.

Game seed: 18437863584986206361

109 DogServant the Digger (level 4, 0/24 HPs)
             Began as a Gargoyle Earth Elementalist on Sept 11, 2020.
             Killed from afar by a white imp (6 damage)
             ... with a puff of frost
             ... on level 3 of the Dungeon.
             The game lasted 00:06:28 (2961 turns).

DogServant the Digger (Gargoyle Earth Elementalist) Turns: 2961, Time: 00:06:29

Health: 0/24       AC:  5    Str: 11    XL:     4   Next: 89%
Magic:  8/8        EV: 12    Int: 17    God:
Gold:   48         SH:  0    Dex: 10    Spells: 3/9 levels left

rFire    . . .     SeeInvis .   i - +0 short sword
rCold    . . .     Faith    .   (no shield)
rNeg     + . .     Spirit   .   c - +0 robe
rPois    ∞         Reflect  .   (no helmet)
rElec    +         Harm     .   (no cloak)
rCorr    .                      (no gloves)
MR       .....                  (no boots)
Stlth    ++........             (no amulet)
HPRegen  0.08/turn              (no ring)
MPRegen  0.11/turn              (no ring)

@: no status effects
A: negative energy resistance 1, electricity resistance, unbreathing,
petrification resistance, rot immunity, AC +3
a: no special abilities


You were on level 3 of the Dungeon.
You visited 1 branch of the dungeon, and saw 3 of its levels.

You collected 48 gold pieces.

Inventory:

Hand Weapons
 i - a +0 short sword (weapon)
Missiles
 b - 37 stones (quivered)
Armour
 c - a +0 robe (worn)
 e - a +2 cloak
Jewellery
 l - an uncursed ring of stealth {unknown}
Scrolls
 a - 2 scrolls of blinking {unknown}
 d - 2 scrolls of magic mapping
 f - 5 scrolls of remove curse {unknown}
 g - 2 scrolls of identify {unknown}
 h - a scroll of random uselessness {unknown}
 n - a scroll of teleportation
 o - a scroll of immolation {unknown}
Potions
 j - a potion of ambrosia {unknown}
 k - a potion of curing {unknown}
 m - 2 potions of stabbing {unknown}


   Skills:
 - Level 1.5 Dodging
 - Level 2.1 Stealth
 + Level 3.0 Spellcasting
 - Level 0.7 Transmutations
 * Level 5.8 Earth Magic


You had 3 spell levels left.
You knew the following spells:

 Your Spells              Type           Power        Failure   Level
a - Sandblast             Erth           ###...       1%          1
b - Passwall              Tmut/Erth      ##......     7%          2
c - Stone Arrow           Conj/Erth      ##....       16%         3

Your spell library contained the following spells:

 Spells                   Type           Power        Failure   Level
 Petrify                  Tmut/Erth      ##......     41%         4
 Lee's Rapid Deconstruct  Erth           ###.......   41%         5


Dungeon Overview and Level Annotations

Branches:
Dungeon (3/15)

Altars:
Ru
Wu Jian


Innate Abilities, Weirdness & Mutations

You are resistant to torment.
Your stone body is resilient. (AC +3)
You are immune to poison.
You resist negative energy. (rN+)
You are resistant to electric shocks. (rElec)
You can survive without breathing.
You are immune to petrification.
You are immune to rotting.


Message History

You hit the giant cockroach.
You kill the giant cockroach!
You see here a giant cockroach corpse.
There is a sacrificial altar of Ru here.
You open the door.
There is an open door here.
b - 37 stones (gained 18)
A white imp comes into view.
Found a scroll labeled VOK JIRRUAKOUF.
The white imp shouts!
The white imp sputters.
The white imp gestures at you. The puff of frost hits you!
Found 26 stones.
The white imp gestures at you. The puff of frost hits you!
* * * LOW HITPOINT WARNING * * *
The white imp gestures at you. The puff of frost hits you.
You die...

#..###'###...#
#............#
#......#.....#
########.....#
.............#
..........####
..........#
..........#
.......@..#
..........#
.......5..#
.......?..#
........(.#
###########


You could see a white imp.

Vanquished Creatures
  3 gnolls (D:2)
  An adder (D:2)
  An ooze (D:1)
  3 dart slugs
  3 orcs (D:3)
  2 ball pythons
  6 bats
  3 giant cockroaches
  4 goblins
  8 hobgoblins
  4 jackals (D:2)
  4 frilled lizards
  8 kobolds
  7 rats
57 creatures vanquished.

Notes
Turn   | Place    | Note
-------+----------+-------------------------------------------
     0 | D:1      | DogServant the Gargoyle Earth Elementalist began the quest
                  | for the Orb.
     0 | D:1      | Reached XP level 1. HP: 10/10 MP: 3/3
    88 | D:1      | Reached skill level 4 in Earth Magic
    99 | D:1      | Reached XP level 2. HP: 14/15 MP: 0/5
   113 | D:1      | Learned a level 2 spell: Passwall
   704 | D:1      | Reached XP level 3. HP: 14/19 MP: 1/6
  1164 | D:2      | Reached skill level 5 in Earth Magic
  1171 | D:2      | Learned a level 3 spell: Stone Arrow
  1209 | D:2      | Reached XP level 4. HP: 24/24 MP: 4/8
  2087 | D:2      | Found a faded altar of an unknown god.
  2769 | D:3      | Found an ornate altar of the Wu Jian Council.
  2941 | D:3      | Found a sacrificial altar of Ru.
  2961 | D:3      | Killed from afar by a white imp

Illustrated notes

Levels and vault maps discovered:
D:1:      saegor_arrival_simple_a, layout_basic, minmay_liquid_box, st_stairs_1
D:2:      layout_loops_ring, chequers_ecumenical_altar_simple
D:3:      layout_basic, overflow_temple_1_default, lemuel_doored_altar,
          lemuel_crystal_altar, nicolae_overflow_crystal_walls

Skill      XL: |  1  2  3  4 |
---------------+-------------+-----
Earth Magic    | 4 5 |  5.8
Spellcasting   | 3 |  3.0
Dodging        | |  1.5
Stealth        | |  2.1
Transmutations | |  0.7

Action                   |  1- 3 |  4- 6 || total
-------------------------+-------+-------++-------
Melee: Unarmed           |    35 |       ||    35
       Short sword       |     2 |   127 ||   129
 Cast: Sandblast         |    37 |    11 ||    48
  Use: Scroll            |     2 |       ||     2
 Stab: Sleeping          |     1 |     2 ||     3
Armor: Robe              |    23 |    44 ||    67
Dodge: Dodged            |    38 |    95 ||   133

Table legend: (Time is in decaauts)
 A = Elapsed time spent in this place.
 B = Non-inter-level travel time spent in this place.
 C = Inter-level travel time spent in this place.
 D = Time resting spent in this place.
 E = Time spent auto-exploring this place.
 F = Levels seen in this place.
 G = Mean time per level.
                   A        B        C        D        E       F      G
               +--------+--------+--------+--------+--------+-----+--------+
         Total |   2972 |   2903 |     69 |      0 |   2012 |   3 |  990.7 |
       Dungeon |   2972 |   2903 |     69 |      0 |   2012 |   3 |  990.7 |
               +--------+--------+--------+--------+--------+-----+--------+

Top non-repeatable levels by time:
     D:2: 1573 daAuts
     D:1: 1154 daAuts
     D:3: 244 daAuts
